 Dungeon Crawl Stone Soup version 0.27.1-33-g824d729ab1 (console) character file.

Game seed: 10887931350935246021

1362 Banquo the Cutter (level 8, -5/58 HPs)
             Began as a Djinni Gladiator on Dec 5, 2021.
             Slain by Maggie (13 damage)
             ... on level 6 of the Dungeon.
             The game lasted 00:29:17 (10201 turns).

Banquo the Cutter (Djinni Gladiator)               Turns: 10201, Time: 00:29:18

Health: -5/58      AC:  6    Str: 13    XL:     8   Next: 96%
Gold:   256        EV: 13    Int: 12    God:
                   SH:  0    Dex: 15

rFire    + + +     SeeInvis .   a - +0 rapier
rCold    x . .     Faith    .   (no shield)
rNeg     . . .     Spirit   +   d - +1 robe {Will+}
rPois    ∞         Reflect  .   c - +0 helmet
rElec    .         Harm     .   e - +0 cloak
rCorr    .         Rampage  .   g - +0 pair of gloves
Will     +....                  (boots unavailable)
Stlth    +.........             p - amulet of guardian spirit
HPRegen  0.19/turn              J - ring of protection from fire
MPRegen  0.00/turn              (no ring)

@: flying, mesmerised
A: sickness immunity, fire resistance 2, cold vulnerability 1, float, innate
caster, hp casting, extra vitality 1
a: no special abilities


You were on level 6 of the Dungeon.
You visited 1 branch of the dungeon, and saw 6 of its levels.
You also visited: Ossuary.

You collected 256 gold pieces.

Inventory:

Hand Weapons
 a - a +0 rapier (weapon)
 w - a +0 trident
 G - a +0 war axe
Missiles
 s - 31 bolts
 t - 3 throwing nets
 y - 102 stones (quivered)
 I - 6 poisoned darts
 K - 6 boomerangs
Armour
 b - a +0 leather armour
 c - a +0 helmet (worn)
 d - a +1 robe of willpower (worn)
 e - a +0 cloak (worn)
 g - a +0 pair of gloves (worn)
 j - a +0 kite shield
Jewellery
 p - an amulet of guardian spirit (around neck)
 J - a ring of protection from fire (left hand)
Wands
 F - a wand of polymorph (7)
Scrolls
 f - 4 scrolls of identify {unknown}
 k - a scroll of summoning {unknown}
 l - 2 scrolls of enchant armour {unknown}
 m - a scroll of noise {unknown}
 n - 5 scrolls of immolation {unknown}
 o - a scroll of fog {unknown}
 r - 2 scrolls of amnesia {unknown}
 z - 4 scrolls of teleportation {unknown}
 A - a scroll of silence {unknown}
 D - a scroll of vulnerability {unknown}
 E - 2 scrolls of magic mapping {unknown}
Potions
 h - a potion of heal wounds
 i - 2 potions of attraction {unknown}
 q - 3 potions of flight {unknown}
 u - a potion of lignification {unknown}
 v - 2 potions of mutation {unknown}
 x - a potion of berserk rage {unknown}
 B - a potion of cancellation {unknown}
 C - 2 potions of might
 H - a potion of magic {unknown}
 L - a potion of ambrosia {unknown}
 M - a potion of brilliance {unknown}


   Skills:
 * Level 3.8 Fighting
 * Level 6.1 Short Blades
 - Level 1.5 Throwing
 - Level 4.0 Dodging
 * Level 2.1 Shields
 * Level 5.1 Spellcasting


You had 12 spell levels left.
You knew the following spells:

 Your Spells              Type           Power      Damage    Failure   Level
a - Apportation           Tloc           30%        N/A       2%          1
b - Ensorcelled Hibernat  Hex/Ice        30%        N/A       3%          2
z - Searing Ray           Conj           30%        3d4       3%          2
Your spell library was empty.

Dungeon Overview and Level Annotations

Branches:
Dungeon (6/15)            Ossuary (visited)
 Temple: D:4-7

Altars:
Dithmenos
Kikubaaqudgha
Uskayaw

Annotations:
D:6 Maggie


Innate Abilities, Weirdness & Mutations

You are immune to sickness and miasma.
You are immune to poison.
Your flesh is very heat resistant. (rF++)
You are vulnerable to cold. (rC-)
You float through the air rather than walking.
You learn spells naturally, not from books.
Your magical power is your life essence.
You have superior vitality. (+4 HP)


Message History

You feel much better. Maggie misses you.
Casting: Searing Ray (safe; 3% risk of failure)
Confirm with . or Enter, or press ? or * to list all spells.
Aiming: Searing Ray (safe; 3% risk of failure)
Press: ? - help, Shift-Dir - straight line, f/p - Maggie
Aim: Maggie, wielding a +1 halberd of flaming and wearing +0 swamp dragon scales (moderately wounded, 79% to hit)
The searing ray hits Maggie.
Maggie is moderately wounded. (Press . to maintain the ray.) Maggie hits you from afar with a +1 halberd of flaming!
The searing ray hits Maggie!
Maggie is heavily wounded.
Maggie casts a spell.
Maggie attempts to bespell you!
You are mesmerised by Maggie!
The searing ray hits Maggie!
Maggie is severely wounded.
Maggie hits you from afar with a +1 halberd of flaming!
The searing ray hits Maggie.
Maggie is severely wounded.
* * * LOW HITPOINT WARNING * * *
You finish channeling your searing ray.
Maggie closely misses you.
Unknown command.
Casting: Searing Ray (safe; 3% risk of failure)
Confirm with . or Enter, or press ? or * to list all spells.
Aiming: Searing Ray (safe; 3% risk of failure)
Press: ? - help, Shift-Dir - straight line, f/p - Maggie
Aim: Maggie, wielding a +1 halberd of flaming and wearing +0 swamp dragon scales (severely wounded, mesmerising, 79% to hit)
The searing ray misses Maggie. (Press . to maintain the ray.)
* * * LOW HITPOINT WARNING * * *
Maggie hits you from afar with a +1 halberd of flaming.
* * * LOW HITPOINT WARNING * * *
The searing ray misses Maggie.
* * * LOW HITPOINT WARNING * * *
Maggie barely misses you.
The searing ray misses Maggie.
* * * LOW HITPOINT WARNING * * *
Maggie hits you from afar with a +1 halberd of flaming!
You die...

###.. #............##
....# ##.............##
#..## #...............##
#..## #............##..#
##..## ##............#####
##).## #............##
##..# #............#
######.## #...........##
#.......## ###@......###
#........## ##..######
#....>...#.## #.@.#
#.......##..###..########
##....#####..#...#.<....##
##.## ##....#........## ##
##......÷......##
##.#...........##
#..............#


You could see Maggie (mesmerising).

Vanquished Creatures
  Menkaure (D:5)
  A sky beast (D:5)
  A black bear (D:6)
  A necrophage (D:5)
  2 elf zombies (Ossuary)
  2 scorpions (D:5)
  2 human zombies (Ossuary)
  3 jellies
  A centaur skeleton (D:5)
  A hound (D:6)
  2 orc priests (D:3)
  An iguana (D:6)
  4 orc wizards
  3 mummies
  4 gnolls (D:3)
  9 adders
  A white imp (D:6)
  3 adder zombies (Ossuary)
  A worm (D:3)
  4 dart slugs
  8 orcs
  6 ball pythons
  6 bats
  15 endoplasms
  6 giant cockroaches
  7 hobgoblins
  6 jackals
  9 quokkas
  4 frilled lizards
  6 goblins
  2 goblin zombies
  14 hobgoblin zombies
  13 kobolds
  6 kobold zombies (Ossuary)
  10 orc zombies (Ossuary)
  8 rats
173 creatures vanquished.

Vanquished Creatures (others)
  6 fungi
  A plant (D:1)
  9 toadstools (D:2)
16 creatures vanquished.

Grand Total: 189 creatures vanquished

Notes
Turn   | Place    | Note
-------+----------+-------------------------------------------
     0 | D:1      | Banquo the Djinni Gladiator began the quest for the Orb.
     0 | D:1      | Reached XP level 1. HP: 18/18 MP: 0/0
     2 | D:1      | Noticed a human
     2 | D:1      | Noticed a spriggan
     4 | D:1      | Noticed an ogre
     6 | D:1      | Noticed an elf
     6 | D:1      | Noticed a vampire
     8 | D:1      | Noticed a merfolk
    10 | D:1      | Noticed a draconian
    10 | D:1      | Noticed an octopode
    12 | D:1      | Noticed a felid
    12 | D:1      | Noticed a demigod
    14 | D:1      | Noticed a dwarf
    14 | D:1      | Noticed a barachi
    16 | D:1      | Noticed a gargoyle
    16 | D:1      | Noticed a djinni
    18 | D:1      | Noticed a palentonga
    20 | D:1      | Noticed a ghoul
    20 | D:1      | Noticed a troll
    22 | D:1      | Noticed a naga
    22 | D:1      | Noticed a minotaur
    24 | D:1      | Noticed a demonspawn
    24 | D:1      | Noticed a tengu
    26 | D:1      | Noticed a formicid
    26 | D:1      | Noticed a vine stalker
   109 | D:1      | Reached skill level 3 in Short Blades
   109 | D:1      | Reached XP level 2. HP: 23/23 MP: 0/0
   423 | D:1      | Reached XP level 3. HP: 27/28 MP: 0/0
   423 | D:1      | Learned a level 1 spell: Apportation
   449 | D:1      | Found a faded altar of an unknown god.
   874 | D:2      | Reached XP level 4. HP: 25/34 MP: 0/0
   902 | D:2      | Reached skill level 4 in Short Blades
  1626 | D:2      | Reached XP level 5. HP: 39/39 MP: 0/0
  1626 | D:2      | Learned a level 2 spell: Searing Ray
  1773 | D:2      | Reached skill level 1 in Spellcasting
  2004 | D:3      | Found a hide-covered altar of Uskayaw.
  2224 | D:3      | Reached XP level 6. HP: 30/45 MP: 0/0
  3670 | D:3      | Found a hide-covered altar of Uskayaw.
  4330 | D:4      | Reached XP level 7. HP: 45/49 MP: 0/0
  4330 | D:4      | Learned a level 2 spell: Ensorcelled Hibernation
  4471 | D:4      | You are sucked into a shaft and drop 1 floor!
  4471 | D:5      | Entered Level 5 of the Dungeon
  4501 | D:5      | Found a sand-covered staircase.
  4625 | Ossuary  | Entered an ossuary
  5400 | Ossuary  | Reached skill level 5 in Short Blades
  5493 | Ossuary  | Reached skill level 1 in Shields
  5915 | D:5      | Reached XP level 8. HP: 28/56 MP: 0/0
  6351 | D:4      | Found a large runed translucent door.
  6355 | D:4      | Found a large runed translucent door.
  7005 | D:4      | Found a shadowy altar of Dithmenos.
  7030 | D:4      | Found a shadowy altar of Dithmenos.
  8260 | D:5      | Noticed Menkaure
  8536 | D:5      | Killed Menkaure
  9797 | D:6      | Reached skill level 6 in Short Blades
  9797 | D:6      | Reached skill level 5 in Spellcasting
  9937 | D:6      | Noticed Maggie
  9995 | D:6      | Noticed a yak
 10186 | D:6      | HP: 2/58 [Maggie (12)]
 10201 | D:6      | Slain by Maggie

Illustrated notes

Levels and vault maps discovered:
D:1:      kb_arrival_jail, layout_basic,
          shapermc_ecumenical_altar_mp_urbaneastern, lemuel_old_faithful
D:2:      cheibrodos_fertilizer, layout_rooms
D:3:      layout_rooms, lemuel_doored_altar, dk_noncrumbling_4,
          chequers_serial_rivers_micro_b, minmay_misc_feat_encased
D:4:      layout_basic, jmf_multi_god_temple2
D:5:      layout_basic, nicolae_ossuary_entry_giza, portal_sewer_entry_f,
          minmay_tree_intersection, uniq_menkaure
D:6:      layout_cave_pods, kennysheep_little_box, minmay_temple_entry_poolview,
          uniq_maggie

Skill      XL: |  1  2  3  4  5  6  7  8 |
---------------+-------------------------+-----
Short Blades   | 3 4 5 6 |  6.1
Spellcasting   | 2 3 4 5 |  5.1
Fighting       | 3 |  3.8
Shields        | 1 2 |  2.1
Dodging        | 4 |  4.0
Throwing       | |  1.5

Action                   |  1- 3 |  4- 6 |  7- 9 || total
-------------------------+-------+-------+-------++-------
Melee: Rapier            |    91 |   100 |     1 ||   192
Throw: Stone             |       |    11 |     2 ||    13
 Cast: Searing Ray       |       |    38 |    74 ||   112
       Apportation       |       |     1 |       ||     1
  Use: Potion            |       |       |     2 ||     2
 Stab: Sleeping          |     1 |       |       ||     1
Armor: Leather armour    |    24 |    29 |       ||    53
       Robe              |       |     4 |    16 ||    20
Dodge: Dodged            |    64 |    75 |    28 ||   167
